 Dungeon Crawl Stone Soup version 0.31-a0-174-g85c54bcb58 (webtiles) character file.

Game seed: 6385242856051452881

22 ytrimaz the Grave Robber (level 2, 0/19 HPs)
             Began as a Mummy Necromancer on June 15, 2023.
             Slain by a kobold
             ... wielding a +0 dagger
              (1 damage)
             ... on level 2 of the Dungeon.
             The game lasted 00:01:50 (503 turns).

ytrimaz the Grave Robber (Mummy Necromancer)         Turns: 503, Time: 00:01:51

Health: 0/19       AC:  2    Str: 11    XL:     2   Next: 68%
Magic:  3/6        EV: 12    Int: 14    God:
Gold:   14         SH:  0    Dex: 12    Spells: 7/8 levels left

rFire   x . .        b - +2 dagger (drain)
rCold   + . .        (no shield)
rNeg    + + +        a - +0 robe
rPois   ∞            (no helmet)
rElec   .            (no cloak)
rCorr   .            (no gloves)
SInv    .            (no boots)
Will    .....        (no amulet)
Stlth   ++           (no ring)
HPRegen 0.23/turn    (no ring)
MPRegen 0.10/turn

%: faith
@: no status effects
A: cold resistance 1, negative energy resistance 3, torment resistance 2, heat
vulnerability 1, no potions, faith
a: no special abilities


You were on level 2 of the Dungeon.
You visited 1 branch of the dungeon, and saw 2 of its levels.

You collected 14 gold pieces.


Innate Abilities, Weirdness & Mutations

You are immune to poison.
Your flesh is cold resistant. (rC+)
You are immune to negative energy. (rN+++)
You are immune to unholy pain and torment.
You are vulnerable to heat. (rF-)
You do not drink.
You have a special connection with the divine. (Faith)


   Skills:
 - Level 1.5 Dodging
 - Level 1.5 Stealth
 * Level 3.7 Spellcasting
 + Level 4.2 Necromancy


You had 7 spell levels left.
You knew the following spells:

 Your Spells              Type           Power      Damage    Failure   Level
a - Necrotise             Necr           56%        1d6       3%          1

Your spell library contained the following spells:

 Spells                   Type           Power      Damage    Failure   Level
 Vampiric Draining        Necr           14%        2d7       11%         3
 Animate Dead             Necr           14%        N/A       34%         4
 Agony                    Necr           14%        N/A       67%         5
 Summon Hydra             Summ           1%         N/A       100%        7
 Sublimation of Blood     Necr           Unusable   N/A       N/A         2
 Wereblood                Tmut           Unusable   N/A       N/A         2

Inventory:

Hand Weapons
 b - a +2 dagger of draining (weapon)
   (You took it off a kobold on level 1 of the Dungeon)
Armour
 a - a +0 robe (worn)

Dungeon Overview and Level Annotations

Branches:
Dungeon (2/15) Zot: 11496

Altars:

Shops:
D:1

=[( #....# #....# #....#
#...# #....# #...# #..$.#
#.... ###### #....## #....
#....#### #.....## #....
###.....#######...g..###....
##......)@KbbK.w.....#....
.#####..#######h####g#..h#
.....##.# ..... #..##.##
#...K# ........##.....#
###.g# #........##...(..#
#..# #........##....... ##..
#........##.h..... #..
.........#.......# #.#.
#.g....##


You could see a worm, a jackal, a hobgoblin, 2 bats and 2 kobolds.


Message History

The kobold shouts!
The jackal barks!
You hear a bark! 😮 HP[+1]
A jackal comes into view.
The jackal barks!
A giant cockroach comes into view.
You closely miss the kobold.
The kobold hits you with a +0 dagger. 😮 HP[-1]
You take 1 damage, and now have 11/19 hp.
You hit the kobold. The kobold hits you with a +0 dagger.
* * * LOW HITPOINT WARNING * * *
The kobold closely misses you. 😨 HP[-4]
You take 4 damage, and now have 7/19 hp.
MASSIVE DAMAGE!! (PAUSE)
The kobold attacks as you move away! The kobold hits you with a +0 dagger.
* * * LOW HITPOINT WARNING * * *
The jackal closely misses you. The kobold barely misses you. 😨 HP[-1]
You take 1 damage, and now have 6/19 hp.
The jackal attacks as you move away!
The jackal bites you but does no damage. 😨 MP[+1]
As you read the scroll labelled UNOSTR VYKHUMN, it crumbles to dust.
You hear a loud clanging noise!
It was a scroll of noise.
You hear a bark! x2; You hear a shout! x3; You hear an angry hiss.
You hear a shout!
The jackal bites you.
* * * LOW HITPOINT WARNING * * *
😨 HP[-1]
You take 1 damage, and now have 5/19 hp.
As you read the scroll labelled BOOSMA ETOOFO, it crumbles to dust.
You assume a fearsome visage.
The jackal looks frightened!
The kobold looks frightened! x2; The jackal looks frightened!
The giant cockroach looks frightened!
It was a scroll of fear.
The giant cockroach waves its antennae.
Cornered, the jackal turns to fight!
You closely miss the jackal. The jackal closely misses you.
The kobold cries, "Mercy!" 😨 HP[+1]
You barely miss the jackal. The jackal closely misses you.
A bat comes into view.
The jackal barely misses you.
Cornered, the kobold turns to fight!
You hit the jackal. The jackal bites you.
* * * LOW HITPOINT WARNING * * *
😨 HP[-1]
You take 1 damage, and now have 5/19 hp.
You hit the jackal but do no damage. You drain the jackal.
You kill the jackal!
The bat completely misses you.
The kobold attempts to regain its composure.
You hit the kobold. The bat barely misses you. The kobold misses you.
The kobold hits you with a +0 whip.
* * * LOW HITPOINT WARNING * * *
The bat hits you but does no damage. The bat barely misses you.
The bat hits you.
* * * LOW HITPOINT WARNING * * *
😱 HP[-1]
You take 1 damage, and now have 4/19 hp.
A jackal comes into view.
A hobgoblin comes into view.
The bat hits you but does no damage. 😱 MP[+1] Unknown command.
The bat hits you.
* * * LOW HITPOINT WARNING * * *
The kobold attacks as you move away! The kobold hits you with a +0 whip.
* * * LOW HITPOINT WARNING * * *
😱 HP[-1]
You take 1 damage, and now have 3/19 hp.
The kobold attacks as you move away! The kobold hits you with a +0 dagger.
* * * LOW HITPOINT WARNING * * *
😱 HP[-2]
You take 2 damage, and now have 1/19 hp.
A jackal comes into view. 😱 HP[+1]
The kobold attacks as you move away! The kobold barely misses you.
A bat comes into view.
The bat hits you.
* * * LOW HITPOINT WARNING * * *
😱 HP[-1]
You take 1 damage, and now have 1/19 hp.
The bat barely misses you.
Unknown command. 😱 MP[+1] 😱 HP[+1]
Aiming: Necrotise (safe; 3% risk of failure)
Press: ? - help, Q - select action Shift-Dir - straight line, f - kobold
Aim: a kobold, wielding a +0 dagger (chance to affect: 84%)
The kobold barely resists.
The kobold hits you with a +0 dagger.
* * * LOW HITPOINT WARNING * * *
😱 HP[-1] MP[-1]
You take 1 damage, and now have 1/19 hp.
You lost 1 mp, and now have 4/6 mp.
Aiming: Necrotise (safe; 3% risk of failure)
Press: ? - help, Q - select action Shift-Dir - straight line, f/p - kobold
Aim: a kobold, wielding a +0 dagger (chance to affect: 84%)
The kobold writhes in agony.
The kobold hits you with a +0 dagger.
You die...

Skill      XL: |  1 |
---------------+----+-----
Spellcasting   | 3 |  3.7
Dodging        | |  1.5
Stealth        | |  1.5
Necromancy     | |  4.2

Action                     || total
---------------------------++-------
  Melee: Dagger            ||    21
   Cast: Necrotise         ||    26
    Use: Scroll            ||     2
   Stab: Sleeping          ||     1
 Armour: Robe              ||    13
  Dodge: Dodged            ||    43

Levels and vault maps discovered:
D:1:      tarquinn_simple_flora_water_a, layout_basic, serial_shops, shop,
          nicolae_shop_peninsula, shop, shop, minmay_split_cup_large
D:2:      layout_rooms, minivault_19, minmay_domino_2

Notes
Turn   | Place    | Note
-------+----------+-------------------------------------------
     0 | D:1      | ytrimaz the Mummy Necromancer began the quest for the Orb.
     0 | D:1      | Reached XP level 1. HP: 13/13 MP: 4/4
     0 | D:1      | magus.rc [v1.9.6]
     2 | D:1      | Found Iqenn's Jewellery Emporium.
     9 | D:1      | Found Ymeh's Antique Armour Boutique.
    78 | D:1      | Found Deifus's Weapon Shop.
    82 | D:1      | Reached skill level 3 in Spellcasting
   148 | D:1      | Reached XP level 2. HP: 13/19 MP: 1/6
   393 | D:1      | You pick up a book of Blood and begin reading...
   424 | D:1      | You fall into a shaft and drop 1 floor!
   489 | D:2      | HP: 4/19 [bat (1)]
   494 | D:2      | HP: 1/19 [kobold/+0 dagger (2)]
   502 | D:2      | HP: 1/19 [kobold/+0 dagger (1)]
   503 | D:2      | Slain by a kobold

Vanquished Creatures
  2 ball pythons
  A bat (D:1)
  An endoplasm (D:1)
  5 hobgoblins
  3 jackals (D:2)
  A kobold (D:1)
  2 quokkas (D:1)
  A frilled lizard (D:1)
16 creatures vanquished.

Vanquished Creatures (collateral kills)
  A goblin (D:2)
1 creature vanquished.

Grand Total: 17 creatures vanquished

Table legend:
 A = Non-vault XP
 B = Vault XP
 C = Vault XP percentage of total XP
 D = Non-vault monster count
 E = Vault monster count
 F = Vault count percentage of total count
                 A         B        C        D         E       F
            +---------+---------+-------+---------+---------+-------
      Total |      30 |       2 |   6.2 |      16 |       1 |   5.9
            +---------+---------+-------+---------+---------+-------
        D:1 |      21 |       0 |   0.0 |      11 |       0 |   0.0
        D:2 |       9 |       2 |  18.2 |       5 |       1 |  16.7
            +---------+---------+-------+---------+---------+-------

Skill      XL: |  1 |
---------------+----+-----
Spellcasting   | 3 |  3.7
Dodging        | |  1.5
Stealth        | |  1.5
Necromancy     | |  4.2

Action                     || total
---------------------------++-------
  Melee: Dagger            ||    21
   Cast: Necrotise         ||    26
    Use: Scroll            ||     2
   Stab: Sleeping          ||     1
 Armour: Robe              ||    13
  Dodge: Dodged            ||    43

Illustrated notes

Table legend:
 A = Kills in this place as a percentage of kills in the entire game.
 B = Kills by you in this place as a percentage of kills by you in the entire game.
 C = Kills by friends in this place as a percentage of kills by friends in the entire game.
 D = Other kills in this place as a percentage of other kills in the entire game.
 E = Experience gained in this place as a percentage of experience gained in the entire game.
 F = Experience gained in this place divided by the number of levels of this place that you have seen.
                   A       B       C       D       E      F
               +-------+-------+-------+-------+-------+----------------------
         Total | 100.0 | 100.0 | 100.0 |   N/A | 100.0 |  16.0
       Dungeon | 100.0 | 100.0 | 100.0 |   N/A | 100.0 |  16.0
               +-------+-------+-------+-------+-------+----------------------

Table legend: (Time is in decaauts)
 A = Elapsed time spent in this place.
 B = Non-inter-level travel time spent in this place.
 C = Inter-level travel time spent in this place.
 D = Time resting spent in this place.
 E = Time spent auto-exploring this place.
 F = Levels seen in this place.
 G = Mean time per level.
                   A        B        C        D        E       F      G
               +--------+--------+--------+--------+--------+-----+--------+
         Total |    502 |    502 |      0 |      0 |    351 |   2 |  251.0 |
       Dungeon |    502 |    502 |      0 |      0 |    351 |   2 |  251.0 |
               +--------+--------+--------+--------+--------+-----+--------+

Top non-repeatable levels by time:
     D:1: 423 daAuts
     D:2: 78 daAuts
